 Dungeon Crawl Stone Soup version 0.30-a0-758-gc2c871d025 (webtiles) character file.

Game seed: 9530907073591258670

24 DEFE the Cudgeller (level 2, -1/21 HPs)
             Began as a Demonspawn Wanderer on Feb 10, 2023.
             Slain by Sigmund
             ... wielding a +0 scythe
              (2 damage)
             ... on level 2 of the Dungeon.
             The game lasted 00:01:09 (1083 turns).

DEFE the Cudgeller (Demonspawn Wanderer)            Turns: 1083, Time: 00:01:10

Health: -1/21      AC: 10    Str: 14    XL:     2   Next: 79%
Magic:  2/2        EV:  3    Int: 12    God:
Gold:   66         SH:  0    Dex: 11    Spells: 1/1 levels left

rFire   . . .      SeeInvis .    a - +0 mace
rCold   . . .      Faith    .    b - +2 buckler
rNeg    . . .      Spirit   .    l - +0 plate armour
rPois   .          Reflect  .    (no helmet)
rElec   .          Harm     .    (no cloak)
rCorr   .          Rampage  .    (no gloves)
Will    .....                    (no boots) Stlth
                                 (no amulet)
HPRegen 0.23/turn                (no ring)
MPRegen 0.08/turn                (no ring)

@: confused, on berserk cooldown, slowed, very slow
A: demonic touch 1
a: no special abilities


You were on level 2 of the Dungeon.
You visited 1 branch of the dungeon, and saw 2 of its levels.

You collected 66 gold pieces.

Inventory:

Hand Weapons
 a - a +0 mace (weapon)
Missiles
 j - a throwing net (quivered)
Armour
 b - a +2 buckler (worn)
 c - a +0 scale mail
 l - a +0 plate armour (worn)
Scrolls
 d - 2 scrolls of teleportation
 e - 4 scrolls of identify {unknown}
 h - a scroll of vulnerability {unknown}
 m - a scroll of amnesia {unknown}
Potions
 f - 2 potions of brilliance {unknown}
 i - a potion of mutation {unknown}
 k - a potion of resistance {unknown}


   Skills:
 - Level 1.0 Fighting
 - Level 4.1 Maces & Flails
 - Level 1.0 Throwing
 - Level 1.0 Armour
 - Level 2.6 Shields
 + Level 1.4 Unarmed Combat


You had one spell level left.
You didn't know any spells.
Your spell library contained the following spells:

 Spells                   Type           Power      Damage    Failure   Level
 Sandblast                Erth           0%         2d4       100%        1
 Passwall                 Tmut/Erth      0%         N/A       100%        2
 Stone Arrow              Conj/Erth      0%         3d7       100%        3


Dungeon Overview and Level Annotations

Branches:
Dungeon (2/15)

Altars:

Shops:
D:1 =[(*

Annotations:
D:2 Sigmund


Innate Abilities, Weirdness & Mutations

Your touch may inflict minor irresistible damage on your foes.


Message History

It was a potion of berserk rage.
A red film seems to cover your vision as you go berserk!
You feel yourself moving faster!
You feel mighty!
Sigmund gestures wildly while chanting.
Sigmund flickers and vanishes!
Deactivating autopickup; reactivate with Ctrl-A.
You now have 26/31 hp.
Unknown command.
You feel a strong urge to attack something.
You hear some strange, mumbled words.
A puff of flame appears from out of thin air!
The puff of flame hits you but does no damage.
You bump into the rock wall.
You hear some strange, mumbled words.
A puff of flame appears from out of thin air!
The puff of flame hits you.
You take 1 damage, and have 25/31 hp.
Unknown command.
You feel your anger nearly subside.
You are no longer berserk.
You are exhausted.
You feel yourself slow down.
You now have 17/21 hp.
You closely miss something. Something hits you! Something hits you.
* * * LOW HITPOINT WARNING * * *
You take 13 damage, and have 4/21 hp.
MASSIVE DAMAGE!!
You closely miss something.
You feel less confused. Something completely misses you.
You hit something but do no damage. Something hits you.
* * * LOW HITPOINT WARNING * * *
You take 3 damage, and have 2/21 hp.
Unknown command.
You sock something!
You hear some strange, mumbled words.
You are confused.
Something hits you.
* * * LOW HITPOINT WARNING * * *
Something hits you.
You die...

.. ######### . .
#...{...##### .. .
#.###.@.....# <..
.##.#.###.#.###.# ..
#...........###.######
#.##(#.#.#####..........#
#......# #..##.####.###
###.### #..##.# #...#
#.....#.# #.....# ###.#
#####.#.#.#.#####.#####
#.# ......#.#.#.......#
#.#


There were no monsters in sight!

Vanquished Creatures
  A ball python (D:1)
  2 bats (D:1)
  An endoplasm (D:1)
  A goblin (D:1)
  3 hobgoblins (D:1)
  4 jackals (D:1)
  A kobold (D:1)
  2 quokkas (D:1)
  3 frilled lizards (D:1)
  3 rats (D:1)
21 creatures vanquished.

Notes
Turn   | Place    | Note
-------+----------+-------------------------------------------
     0 | D:1      | DEFE the Demonspawn Wanderer began the quest for the Orb.
     0 | D:1      | DEFE set off with the following items: a +0 mace, a +2
                  | buckler, a +0 scale mail, a scroll of teleportation.
     0 | D:1      | Reached XP level 1. HP: 15/15 MP: 1/1
   124 | D:1      | Found Omaghin's General Store.
   143 | D:1      | Reached skill level 4 in Maces & Flails
   153 | D:1      | Gained mutation: Your touch may inflict minor irresistible
                  | damage on your foes. [demonic ancestry]
   153 | D:1      | Reached XP level 2. HP: 14/21 MP: 2/2
   303 | D:1      | Found Ashrok Tuecus's Antique Weapon Emporium.
   335 | D:1      | Found Uwniest's Antique Armour Shop.
   355 | D:1      | Reached skill level 1 in Unarmed Combat
   722 | D:1      | Found Etre Hoschu's Jewellery Shoppe.
  1065 | D:2      | Noticed Sigmund
  1082 | D:2      | HP: 1/21 [something (2)]
  1083 | D:2      | Slain by Sigmund

Illustrated notes

Levels and vault maps discovered:
D:1:      zelgadis_glass_arrival_small, layout_basic, serial_shops,
          nicolae_shop_overgrown_old_shop, shop, shop,
          nicolae_shop_hallway_plus, nicolae_concentric_dashed_squares_mild,
          st_stairs_7, minmay_misc_feat_tiny, minmay_misc_feat_pillars
D:2:      layout_loops_cross, uniq_natasha, uniq_sigmund

Skill      XL: |  1  2 |
---------------+-------+-----
Maces & Flails | 4 |  4.1
Unarmed Combat | 1 |  1.4
Fighting       | |  1.0
Throwing       | |  1.0
Armour         | |  1.0
Shields        | |  2.6

Action                     || total
---------------------------++-------
  Melee: Mace              ||    82
    Use: Potion            ||     1
 Armour: Scale mail        ||    47
         Plate armour      ||     4
  Dodge: Dodged            ||    40
  Block: Buckler           ||    29

Table legend: (Time is in decaauts)
 A = Elapsed time spent in this place.
 B = Non-inter-level travel time spent in this place.
 C = Inter-level travel time spent in this place.
 D = Time resting spent in this place.
 E = Time spent auto-exploring this place.
 F = Levels seen in this place.
 G = Mean time per level.
                   A        B        C        D        E       F      G
               +--------+--------+--------+--------+--------+-----+--------+
         Total |   1105 |   1098 |      7 |     49 |    849 |   2 |  552.5 |
       Dungeon |   1105 |   1098 |      7 |     49 |    849 |   2 |  552.5 |
               +--------+--------+--------+--------+--------+-----+--------+

Top non-repeatable levels by time:
     D:1: 965 daAuts
     D:2: 140 daAuts
